 Dungeon Crawl Stone Soup version 0.28.0-53-g5a82cb258f (webtiles) character file.

Game seed: 17502009653903827387

67767 pippo the Thaumaturge (level 14, -3/68 HPs)
             Began as a Deep Elf Ice Elementalist on June 22, 2022.
             Was a High Priest of Sif Muna.
             Slain by an orc warlord
             ... wielding a +0 long sword
              (22 damage)
             ... on level 1 of the Orcish Mines.
             The game lasted 01:22:34 (31228 turns).

pippo the Thaumaturge (Deep Elf Ice Elementalist)  Turns: 31228, Time: 01:22:35

Health: -3/68      AC: 25    Str:  5    XL:     14   Next: 84%
Magic:  16/31      EV: 17    Int: 26    God:    Sif Muna [*****.]
Gold:   1848       SH:  0    Dex: 15    Spells: 4/36 levels left

rFire   + + .      SeeInvis +   F - +1 rapier (holy)
rCold   x . .      Faith    .   (no shield)
rNeg    . . .      Spirit   .   y - +2 robe {rF+}
rPois   .          Reflect  .   v - +2 hat
rElec   .          Harm     .   K - +2 cloak of the Thief {*Fog Slay-2 SInv Stlth+}
rCorr   .          Rampage  .   p - +1 pair of gloves
Will    +....                   R - +0 pair of boots
Stlth   +++++.....              q - amulet of the acrobat
HPRegen 0.21/turn               Y - +4 ring of protection
MPRegen 0.22/turn               I - ring of fire

@: ice-armoured, freezing walls
A: no striking features
a: Renounce Religion, Channel Magic, Forget Spell, Divine Exegesis


You were on level 1 of the Orcish Mines.
You worshipped Sif Muna.
Sif Muna was extremely pleased with you.
You visited 4 branches of the dungeon, and saw 22 of its levels.
You also visited: Sewer and Volcano.

You collected 2229 gold pieces.
You spent 381 gold pieces at shops.

Inventory:

Hand Weapons
 F - a +1 rapier of holy wrath (weapon)
Missiles
 f - 2 throwing nets
 x - 12 poisoned darts
 D - 4 curare-tipped darts
Armour
 p - a +1 pair of gloves (worn)
 v - a +2 hat (worn)
 y - a +2 robe of fire resistance (worn)
 K - the +2 cloak of the Thief (worn) {*Fog Slay-2 SInv Stlth+}
   (You bought it in a shop on level 6 of the Dungeon)

   It may release a thick cloud of smoke when the wearer is hurt.
   Slay:      It affects your accuracy & damage with ranged weapons and melee
   (-2).
   SInv:      It lets you see invisible.
   Stlth:     It makes you more stealthy.
 R - a +0 pair of boots (worn)
Jewellery
 i - a ring of see invisible
 l - an amulet of reflection
 m - a ring of wizardry
 q - an amulet of the acrobat (around neck)
 I - a ring of fire (right hand)
 N - a ring of positive energy
 Y - a +4 ring of protection (left hand)
Wands
 b - a wand of digging (5)
 k - a wand of mindburst (7)
 T - a wand of charming (5)
 V - a wand of iceblast (10)
 W - a wand of paralysis (10)
 Z - a wand of polymorph (13)
Scrolls
 a - 3 scrolls of blinking
 g - 9 scrolls of teleportation
 r - a scroll of holy word
 u - 2 scrolls of brand weapon
 w - 3 scrolls of magic mapping
 A - 5 scrolls of vulnerability
 H - 2 scrolls of torment
 J - 2 scrolls of identify
 L - a scroll of enchant armour {unknown}
 M - 5 scrolls of fog
 O - a scroll of enchant weapon
 P - 2 scrolls of acquirement {unknown}
 S - 2 scrolls of immolation
 X - 2 scrolls of summoning
Potions
 c - 2 potions of curing
 d - a potion of cancellation {unknown}
 e - 3 potions of attraction {unknown}
 h - 4 potions of degeneration {unknown}
 j - a potion of berserk rage {unknown}
 n - a potion of resistance
 o - a potion of haste
 z - a potion of heal wounds
 B - 2 potions of brilliance {unknown}
 E - 2 potions of magic {unknown}
 G - a potion of flight {unknown}
 Q - 4 potions of mutation {unknown}
 U - 2 potions of might {unknown}


   Skills:
 + Level 10.5 Dodging
 - Level 8.8 Stealth
 + Level 11.7 Spellcasting
 - Level 9.1 Conjurations
 + Level 9.0 Hexes
 - Level 6.4 Summonings
 + Level 7.3 Transmutations
 * Level 9.0 Fire Magic
 + Level 10.3 Ice Magic
 + Level 9.2 Earth Magic
 * Level 10.7 Invocations
 + Level 7.0 Evocations


You had 4 spell levels left.
You knew the following spells:

 Your Spells              Type           Power      Damage    Failure   Level
a - Fireball              Conj/Fire      38%        3d16      2%          5
c - Ozocubu's Armour      Ice            62%        N/A       1%          3
e - Dazzling Flash        Conj/Hex       100%       N/A       1%          3
m - Iskenderun's Battles  Conj           58%        2d11      2%          5
p - Petrify               Tmut/Erth      55%        N/A       1%          4
q - Frozen Ramparts       Ice            100%       1d12      1%          3
s - Hailstorm             Conj/Ice       60%        3d13      1%          4
w - Metabolic Englaciati  Hex/Ice        30%        N/A       1%          5

Your spell library contained the following spells:

 Spells                   Type           Power      Damage    Failure   Level
 Beastly Appendage        Tmut           100%       N/A       1%          1
 Freeze                   Ice            100%       1d11      1%          1
 Ensorcelled Hibernation  Hex/Ice        100%       N/A       1%          2
 Wereblood                Tmut           52%        N/A       1%          2
 Inner Flame              Hex/Fire       76%        N/A       1%          3
 Summon Guardian Golem    Hex/Summ       53%        N/A       1%          3
 Cause Fear               Hex            29%        N/A       1%          4
 Leda's Liquefaction      Hex/Erth       29%        N/A       1%          4
 Spider Form              Tmut/Pois      34%        N/A       2%          3
 Corpse Rot               Necr/Air       30%        N/A       6%          2
 Anguish                  Hex/Necr       19%        N/A       6%          4
 Gell's Gravitas          Tloc           15%        N/A       12%         3
 Lesser Beckoning         Tloc           15%        N/A       12%         3
 Teleport Other           Tloc           15%        N/A       12%         3
 Dispel Undead            Necr           15%        3d10      36%         4
 Olgreb's Toxic Radiance  Pois           15%        N/A       36%         4
 Iron Shot                Conj/Erth      29%        9d6       14%         6
 Starburst                Conj/Fire      38%        6d11      14%         6
 Silence                  Hex/Air        19%        N/A       17%         5
 Statue Form              Tmut/Erth      36%        N/A       21%         6
 Ozocubu's Refrigeration  Ice            31%        4d11      43%         7
 Agony                    Necr           15%        N/A       71%         5
 Spellforged Servitor     Conj/Summ      26%        N/A       80%         7
 Death Channel            Necr           7%         N/A       99%         6
 Discord                  Hex            29%        N/A       99%         8
 Ignition                 Fire           38%        3d11      99%         8
 Storm Form               Tmut/Air       17%        N/A       100%        7
 Chain Lightning          Conj/Air       19%        3d25      100%        9
 Fire Storm               Conj/Fire      38%        8d10      100%        9
 Shatter                  Erth           29%        3d24*     100%        9


Dungeon Overview and Level Annotations

Branches:
Dungeon (13/15) Temple (1/1) D:6 Lair (6/6) D:9 Shoals (0/4) Lair:4 Snake (0/4) Lair:3 Slime (0/5) Lair:5 Orc (2/2) D:10 Elf (0/3) Orc:1 Orc:2 Sewer (visited) Volcano (visited) Vaults: D:13-14

Altars:
Ashenzari
Cheibriados
Dithmenos
Elyvilon
Fedhas
Gozag
Hepliaklqana
Kikubaaqudgha
Makhleb
Nemelex Xobeh
Okawaru
Qazlal
Ru
Sif Muna
Trog
Uskayaw
Vehumet
Wu Jian
Xom
Yredelemnul
Zin
The Shining One

Shops:
D:2 [   D:4 ?   D:6 [   D:12 [

Annotations:
D:5 ice beast


Message History

Press: ? - help, Dir - look around, f - activate The walls around you are covered in ice.
The wall freezes the orc warlord.
The orc warlord completely misses you.
The wall freezes the orc warrior.
The orc warrior hits you with a +0 scimitar!
With a swish of your cloak, you release a cloud of fog.
Casting: Frozen Ramparts (safe; 1% risk of failure)
Confirm with . or Enter, or press ? or * to list all spells.
A film of ice covers your body!
The wall freezes the orc warlord.
The orc warlord closely misses you.
The wall freezes the orc warrior!
The orc warrior barely misses you.
Casting: Ozocubu's Armour (safe; 1% risk of failure)
Confirm with . or Enter, or press ? or * to list all spells.
Aiming: Fireball (dangerous; 2% risk of failure)
Press: ? - help, Shift-Dir - straight line You feel a surge of power!
The fireball explodes!
The fireball engulfs the orc warlord!!
The orc warlord is moderately wounded.
The wall freezes the orc warlord!
The orc warlord hits you with a +0 long sword!
With a swish of your cloak, you release a cloud of fog.
The wall freezes the orc warrior!
The orc warrior completely misses you.
Casting: Fireball (dangerous; 2% risk of failure)
Confirm with . or Enter, or press ? or * to list all spells.
Aiming: Fireball (dangerous; 2% risk of failure)
Press: ? - help, Shift-Dir - straight line You feel a surge of power!
The fireball explodes!
The fireball engulfs the orc warlord!
The orc warlord is heavily wounded.
The wall freezes the orc warlord!
The orc warlord hits you with a +0 long sword!!
* * * LOW HITPOINT WARNING * * *
The wall freezes the orc warrior.
The orc warrior barely misses you.
Okay, then.
As you read the scroll of fear, it crumbles to dust.
You assume a fearsome visage.
The orc warlord resists with almost no effort.
The orc warrior looks frightened!
The wall freezes the orc warlord!
The orc warlord hits you with a +0 long sword!!
You die...

#....###.#.....# #
#^....####.....###
#................#
##.#.#......#.....
#####......##....
####.......##...
##§...#......#.#.
##§§..###.)...####
#@o§...##..[..#.#
##o§...#.#.....##
##§........#.##
###......####
#.>....# ####..##
#..# #.## ###


You could see an orc warlord and an orc warrior (strong, fleeing).

Vanquished Creatures
  Gastronok (D:9)
  An orc warlord (Orc:1)
  A fire dragon (Lair:6)
  Erolcha (D:10)
  A boulder beetle (D:12)
  11 hydras
  A catoblepas (Lair:5)
  2 two-headed ogres
  5 death yaks (Lair:5)
  A sun demon (Volcano)
  Sonja (Lair:6)
  Nergalle (Orc:1)
  A lindwurm (Lair:6)
  3 orc knights
  2 deep elf pyromancers
  4 orc sorcerers
  2 ugly things
  4 cyclopes
  9 black mambas
  4 elephants (Lair:5)
  Maggie (D:7)
  5 molten gargoyles
  2 gargoyles (D:12)
  An unseen horror (D:12)
  7 cane toads
  A torpor snail (Lair:2)
  3 rime drakes
  7 komodo dragons
  6 trolls
  Grinder (D:5)
  A hornet (Lair:2)
  2 red devils (Volcano)
  5 polar bears
  19 blink frogs
  A slime creature (Lair:5)
  A raiju (shapeshifter) (D:13)
  4 dream sheep (Lair:6)
  3 wraiths
  2 fire bats (Volcano)
  10 wyverns
  7 basilisks
  50 yaks
  4 steam dragons
  4 vampire mosquitoes (D:12)
  4 wargs
  2 acid dragons
  5 hell hounds
  26 water moccasins
  3 black bears
  28 orc warriors
  An ice beast (D:5)
  A sky beast (D:5)
  8 ogres
  4 centaurs
  2 wolves (D:9)
  4 kobold brigands
  A wyvern zombie (D:8)
  A gnoll sergeant (D:10)
  12 bullfrogs
  4 scorpions
  2 water moccasin skeletons
  3 howler monkeys (D:10)
  11 wights
  3 bullfrog zombies (D:5)
  11 lava snakes
  6 centaur zombies
  A hound (D:7)
  7 jellies
  15 orc priests
  An iron imp (D:7)
  A bullfrog skeleton (D:7)
  2 centaur skeletons (D:6)
  An iguana (D:5)
  22 orc wizards
  A killer bee zombie (D:7)
  3 hound skeletons
  A howler monkey zombie (D:9)
  Robin (D:2)
  5 gnolls
  11 adders
  2 river rats (D:3)
  A shadow imp (D:5)
  2 white imps (D:6)
  5 ufetubi
  2 adder skeletons (D:4)
  3 worms
  3 dart slugs
  60 orcs
  3 endoplasms
  2 giant cockroaches
  12 goblins
  10 hobgoblins
  12 jackals
  6 quokkas
  2 ball pythons
  3 bats
  3 frilled lizards
  22 kobolds
  4 rats
574 creatures vanquished.

Vanquished Creatures (others)
  An orc (D:3)
  An endoplasm (D:3)
  2 giant cockroaches (D:3)
  2 hobgoblins (D:3)
  38 fungi
  32 plants
76 creatures vanquished.

Grand Total: 650 creatures vanquished

Notes
Turn   | Place    | Note
-------+----------+-------------------------------------------
     0 | D:1      | pippo the Deep Elf Ice Elementalist began the quest for the
                  | Orb.
     0 | D:1      | Reached XP level 1. HP: 10/10 MP: 6/6
   267 | D:1      | Reached skill level 1 in Conjurations
   267 | D:1      | Reached XP level 2. HP: 15/15 MP: 5/8
   866 | D:2      | Noticed Robin
   868 | D:2      | Reached XP level 3. HP: 19/19 MP: 1/9
   877 | D:1      | Learned a level 3 spell: Frozen Ramparts
   881 | D:1      | Learned a level 3 spell: Ozocubu's Armour
   939 | D:2      | Killed Robin
  1206 | D:2      | You fall into a shaft and drop 2 floors!
  1213 | D:3      | Found a shimmering altar of Xom.
  1242 | D:3      | Reached XP level 4. HP: 19/24 MP: 3/11
  1288 | D:3      | Identified the +3 cloak of Anarchy {Str+3}
  1375 | D:3      | Found a glowing drain.
  1379 | Sewer    | Entered a sewer
  1481 | Sewer    | Noticed a water moccasin
  1486 | Sewer    | Killed a water moccasin
  1487 | Sewer    | Reached skill level 4 in Spellcasting
  1487 | Sewer    | Reached skill level 5 in Ice Magic
  1487 | Sewer    | Reached XP level 5. HP: 28/28 MP: 3/13
  2259 | D:3      | Reached XP level 6. HP: 28/32 MP: 11/14
  2863 | D:2      | Found Amaeruupp's Antique Armour Emporium.
  3273 | D:4      | Found Zekkoci's Magic Scroll Boutique.
  3338 | D:4      | Bought 2 scrolls of identify for 40 gold pieces
  3338 | D:4      | Bought a scroll of magic mapping for 35 gold pieces
  3344 | D:4      | Bought a scroll of teleportation for 30 gold pieces
  3344 | D:4      | Bought a scroll of amnesia for 35 gold pieces
  3365 | D:4      | Reached skill level 1 in Summonings
  3472 | D:4      | Found an iron altar of Okawaru.
  3488 | D:4      | Reached skill level 1 in Earth Magic
  3875 | D:4      | Found a hazy altar of Hepliaklqana.
  3950 | D:4      | Reached XP level 7. HP: 28/36 MP: 14/16
  4015 | D:4      | Found a bloodstained altar of Trog.
  4258 | D:5      | Entered Level 5 of the Dungeon
  4401 | D:5      | Noticed a steam dragon
  4405 | D:5      | Killed a steam dragon
  4586 | D:5      | Reached skill level 5 in Spellcasting
  4628 | D:5      | Learned a level 4 spell: Hailstorm
  4712 | D:5      | Reached skill level 5 in Conjurations
  4860 | D:5      | Reached skill level 5 in Stealth
  4906 | D:5      | Reached XP level 8. HP: 32/41 MP: 1/18
  5182 | D:5      | Found a sacrificial altar of Ru.
  5299 | D:5      | Noticed Grinder
  5314 | D:5      | Killed Grinder
  5638 | D:6      | Found a glowing golden altar of the Shining One.
  5638 | D:6      | Found a white marble altar of Elyvilon.
  5638 | D:6      | Found a glowing silver altar of Zin.
  5713 | D:6      | Reached skill level 5 in Dodging
  5877 | D:6      | Reached skill level 6 in Spellcasting
  6063 | D:6      | Found Gifuxt's Armour Shoppe.
  6070 | D:6      | Bought the +2 cloak of the Thief {*Fog Slay-2 SInv Stlth+}
                  | for 241 gold pieces
  6070 | D:6      | Found the +2 cloak of the Thief {*Fog Slay-2 SInv Stlth+}
  6493 | D:6      | Reached XP level 9. HP: 45/45 MP: 11/20
  6839 | D:6      | Found a staircase to the Ecumenical Temple.
  7301 | D:7      | Noticed a troll
  7301 | D:7      | Noticed a two-headed ogre
  7330 | D:7      | Found a snail-covered altar of Cheibriados.
  7381 | D:6      | Learned a level 3 spell: Dazzling Flash
  7387 | D:6      | Learned a level 5 spell: Iskenderun's Battlesphere
  7432 | D:7      | Killed a troll
  7504 | D:7      | Killed a two-headed ogre
  7505 | D:7      | Reached skill level 7 in Spellcasting
  7683 | D:7      | Noticed a cyclops
  7743 | Temple   | Entered the Ecumenical Temple
  7894 | Temple   | Became a worshipper of Sif Muna the Loreminder
  8289 | D:7      | Killed a cyclops
  8290 | D:7      | Reached skill level 5 in Earth Magic
  8290 | D:7      | Reached skill level 1 in Invocations
  8290 | D:7      | Reached XP level 10. HP: 46/50 MP: 11/23
  8559 | D:7      | Reached skill level 5 in Summonings
  8765 | D:7      | Noticed Maggie
  8789 | D:7      | Killed Maggie
  8790 | D:7      | Reached skill level 1 in Hexes
  8790 | D:7      | Reached skill level 1 in Transmutations
  9569 | D:8      | Found a sparkling altar of Nemelex Xobeh.
  9736 | D:8      | Noticed a two-headed ogre
  9743 | D:8      | Killed a two-headed ogre
  9965 | D:8      | Found the +2 ratskin cloak {*Rats rPois rN+ Str-1 Int-1
                  | Dex+1}
 10432 | D:9      | Reached skill level 1 in Evocations
 10437 | D:9      | Reached skill level 8 in Spellcasting
 10655 | D:9      | Reached * piety under Sif Muna
 11045 | D:9      | Reached XP level 11. HP: 48/54 MP: 21/25
 11238 | D:9      | Noticed Gastronok
 11384 | D:9      | Found a staircase to the Lair.
 11748 | D:9      | Found an ornate altar of the Wu Jian Council.
 11861 | D:9      | Killed Gastronok
 11862 | D:9      | Reached skill level 5 in Invocations
 12051 | D:10     | Entered Level 10 of the Dungeon
 12139 | D:10     | Found a radiant altar of Vehumet.
 12177 | D:10     | Reached ** piety under Sif Muna
 12637 | D:10     | Noticed a white ugly thing
 12701 | Lair:1   | Entered Level 1 of the Lair of Beasts
 13113 | Lair:1   | Noticed a five-headed hydra
 13124 | Lair:1   | Learned a level 5 spell: Metabolic Englaciation
 13210 | Lair:1   | Noticed a five-headed hydra
 13461 | Lair:1   | You fall into a shaft and drop 1 floor!
 13503 | Lair:2   | Noticed a four-headed hydra
 13519 | Lair:2   | Reached skill level 9 in Spellcasting
 13722 | Lair:2   | Found a dark tunnel.
 13733 | Volcano  | Entered a volcano
 15102 | Volcano  | Found a radiant altar of Vehumet.
 15102 | Volcano  | Noticed a sun demon
 15102 | Volcano  | Noticed a red ugly thing
 15109 | Volcano  | Learned a level 4 spell: Petrify
 15118 | Volcano  | Killed a sun demon
 15119 | Volcano  | Reached skill level 1 in Fire Magic
 15123 | Volcano  | Killed a red ugly thing
 15313 | Volcano  | Reached XP level 12. HP: 59/59 MP: 13/27
 15406 | Volcano  | Reached skill level 5 in Hexes
 16327 | Lair:1   | Killed a five-headed hydra
 16445 | Lair:1   | Killed a five-headed hydra
 17093 | Lair:2   | Killed a four-headed hydra
 17094 | Lair:2   | Noticed a five-headed hydra
 17241 | Lair:2   | Noticed a five-headed hydra
 17736 | Lair:2   | Killed a five-headed hydra
 17848 | Lair:2   | Killed a five-headed hydra
 17849 | Lair:2   | Reached skill level 5 in Transmutations
 17996 | Lair:2   | Reached skill level 10 in Spellcasting
 18483 | Lair:3   | Reached skill level 5 in Fire Magic
 18756 | Lair:3   | Reached *** piety under Sif Muna
 18826 | Lair:3   | Found a staircase to the Snake Pit.
 18839 | Lair:3   | Reached XP level 13. HP: 49/63 MP: 21/29
 18845 | Lair:3   | Reached skill level 5 in Evocations
 20278 | Lair:4   | Found a staircase to the Shoals.
 22024 | Lair:5   | Found a staircase to the Slime Pits.
 22482 | Lair:6   | Entered Level 6 of the Lair of Beasts
 22483 | Lair:6   | Noticed Sonja
 22488 | Lair:6   | Killed Sonja
 22631 | Lair:6   | Reached **** piety under Sif Muna
 23645 | Lair:6   | Reached skill level 11 in Spellcasting
 23675 | Lair:6   | Reached XP level 14. HP: 48/68 MP: 19/31
 24237 | Lair:6   | Found a large runed translucent door.
 24238 | Lair:6   | Found a large runed translucent door.
 24967 | Lair:6   | Reached skill level 10 in Dodging
 25138 | Lair:6   | Learned a level 5 spell: Fireball
 25595 | D:10     | Noticed Erolcha
 25604 | D:10     | Killed Erolcha
 25786 | D:10     | Found a staircase to the Orcish Mines.
 26134 | D:11     | Reached skill level 10 in Invocations
 26923 | D:11     | Reached skill level 10 in Ice Magic
 26924 | D:11     | Reached ***** piety under Sif Muna
 27136 | D:12     | Found Caifaguz's Armour Shoppe.
 27528 | D:12     | Received a gift from Sif Muna
 27569 | D:12     | Got Sif Muna's Disquisition on Execration and Lightness
                  | {god gift}
 29107 | Orc:1    | Entered Level 1 of the Orcish Mines
 29109 | Orc:1    | Noticed Nergalle
 29124 | Orc:1    | Killed Nergalle
 29137 | Orc:1    | Noticed an orc warlord
 29161 | Orc:1    | Killed an orc warlord
 30367 | Orc:2    | Entered Level 2 of the Orcish Mines
 30367 | Orc:2    | Found a staircase to the Elven Halls.
 31098 | Orc:2    | Noticed an orc warlord
 31099 | Orc:2    | Received a gift from Sif Muna
 31228 | Orc:1    | Slain by an orc warlord

Illustrated notes

Levels and vault maps discovered:
D:1:      sevenhm_arrival_forest_fort_large_2, layout_basic
D:2:      layout_loops_ring, serial_shops, shop_coins, uniq_robin
D:3:      layout_loops_corners, xom_confusion_cloud, gup_sewer_entry_bowl
D:4:      layout_gridville, lemuel_round_altar, okawaru_metal_pillars_1_2,
          nicolae_overflow_hidden_temple, minivault_14, kennysheep_windowed_goal
D:5:      minmay_polygon_palace, layout_basic, nicolae_ru_path_of_blood,
          uniq_grinder
D:6:      layout_basic, good_gods_mini_temple, minmay_temple_entry_statues,
          serial_shops, nicolae_shop_statue_plus
D:7:      cheibrodos_fzero, layout_basic, slow_altar_1, uniq_maggie
D:8:      layout_basic, nemelex_xobeh_ov_fountains_minmay
D:9:      layout_loops_corners, nzn_wu_jian_council_hall,
          minmay_lair_entry_grove, serial_glass, glass_columns_a,
          glass_columns_b, uniq_gastronok
D:10:     layout_cave_pools, nicolae_vehumet_radiance, orc_0_dummy,
          corexii_hall_statues_x, uniq_erolcha
D:11:     layout_irregular_city
D:12:     layout_basic, nicolae_stop_n_shop_1, minivault_23,
          kennysheep_generic_room_10
D:13:     layout_loops_ring, david_vaults_4, hive_lemuel
Temple:   compressed_dpeg_circular_temple
Lair:1:   layout_loops_ring, special_room
Lair:2:   layout_long_grid, nicolae_volcano_entry_lava_flow, st_stairs_3
Lair:3:   layout_roguey, minmay_snake_entry_six_corridors
Lair:4:   layout_small_grid, elwin_shoals_entry_rocks
Lair:5:   layout_roguey, minmay_slime_entry_pillars
Lair:6:   cheibrodos_lair_end_hotspot, layout_gridlike, uniq_sonja
Orc:1:    layout_diamond_mine, nicolae_orc_lava_room, uniq_nergalle
Orc:2:    st_orc_rangers, layout_diamond_mine, minmay_shop_enchanted_jewellery

Skill      XL: |  1  2  3  4  5  6  7  8  9 10 11 12 13 14 |
---------------+-------------------------------------------+-----
Conjurations   | 1 2 3 4 5 6 8 9 |  9.1
Stealth        | 3 4 5 6 7 8 |  8.8
Dodging        | 3 4 5 6 7 8 9 10 | 10.5
Spellcasting   | 4 5 6 7 8 9 10 11 | 11.7
Ice Magic      | 5 6 7 8 9 10 | 10.3
Summonings     | 1 2 3 4 5 6 |  6.4
Earth Magic    | 1 2 3 5 6 7 8 9 |  9.2
Invocations    | 1 4 6 7 9 10 | 10.7
Hexes          | 2 4 6 7 9 |  9.0
Transmutations | 2 4 5 6 7 |  7.3
Evocations     | 1 3 4 6 7 |  7.0
Fire Magic     | 1 5 7 9 |  9.0

Action                   |  1- 3 |  4- 6 |  7- 9 | 10-12 | 13-15 || total
-------------------------+-------+-------+-------+-------+-------++-------
Melee: Dagger            |     9 |   101 |    74 |       |       ||   184
       Punch             |     1 |     4 |     1 |     4 |     1 ||    11
       Rapier            |       |       |   106 |   135 |    40 ||   281
 Cast: Freeze            |    29 |    35 |    36 |    56 |    40 ||   196
       Frozen Ramparts   |     2 |    11 |    24 |    55 |    87 ||   179
       Ozocubu's Armour  |     2 |     7 |    18 |    39 |    28 ||    94
       Hailstorm         |       |       |    27 |    69 |    63 ||   159
       Iskenderun's Batt |       |       |     3 |    11 |     7 ||    21
       Metabolic Englaci |       |       |       |    12 |     5 ||    17
       Petrify           |       |       |       |     5 |     2 ||     7
       Fireball          |       |       |       |       |   115 ||   115
Invok: Channel Magic     |       |       |       |     2 |     6 ||     8
Evoke: Wand              |       |       |     5 |       |       ||     5
  Use: Scroll            |       |     7 |       |     9 |     4 ||    20
       Potion            |       |       |     1 |     1 |     1 ||     3
 Stab: Sleeping          |     6 |     3 |     8 |    13 |     8 ||    38
       Petrified         |       |       |       |    10 |     4 ||    14
Armor: Robe              |     3 |       |       |    51 |   106 ||   160
       Animal skin       |     6 |    56 |   124 |    96 |       ||   282
Dodge: Dodged            |    11 |    72 |   180 |   366 |   465 ||  1094
